 Dungeon Crawl Stone Soup version 0.30.1-4-g462c640d31 (webtiles) character file.

Game seed: 3668571610454975476

3861 GeoRichter the Slicer (level 10, -2/45 (53) HPs)
             Began as a Vine Stalker Reaver on Aug 17, 2023.
             Was an Elder of Uskayaw.
             Shot with a bolt by a wight (11 damage)
             ... on level 8 of the Dungeon.
             The game lasted 00:16:33 (9087 turns).

GeoRichter the Slicer (Vine Stalker Reaver)         Turns: 9087, Time: 00:16:33

HP:   -2/45 (53)    AC:  6    Str: 19    XL:     10   Next: 18%
MP:   0/5           EV: 10    Int: 13    God:    Uskayaw [****..]
Gold: 253           SH:  7    Dex: 13    Spells: 12/13 levels left

rFire   . . .        s - +8 dagger of the Several Nightmares {venom, rPois Will+ MP-9}
rCold   . . .        l - +0 kite shield
rNeg    . . .        H - +2 leather armour {rPois}
rPois   +            (no helmet)
rElec   .            u - scarf {+Inv}
rCorr   .            B - +0 pair of gloves
SInv    .            (no boots)
Will    ++...        (no amulet)
Stlth   +++          (no ring)
HPRegen 1.07/turn    (no ring)
MPRegen 0.09/turn

%: guardian spirit
@: heavily drained
A: fangs 3, regeneration 1, magic shield, antimagic bite, no potion heal 2
a: Renounce Religion, Evoke Invisibility, Stomp, Line Pass


You were on level 8 of the Dungeon.
You worshipped Uskayaw.
Uskayaw was noncommittal.
You visited 2 branches of the dungeon, and saw 9 of its levels.
You also visited: Sewer.

You collected 393 gold pieces.
You spent 140 gold pieces at shops.

Inventory:

Hand Weapons
 s - the +8 dagger of the Several Nightmares (weapon) {venom, rPois Will+ MP-9}
   (You bought it in a shop on level 1 of the Dungeon)

   rPois:     It protects you from poison.
   MP:        It affects your magic capacity (-9).
   Will:      It increases your willpower.
 D - the +9 falchion "Joruc" {flame, Fly Int+3}
   (You found it on level 5 of the Dungeon)

   Int:       It affects your intelligence (+3).
   Fly:       It grants you flight.
 G - the +6 shortbow "Orolyhu" {heavy, rElec rPois Will++}
   (You found it on level 7 of the Dungeon)

   rElec:     It insulates you from electricity.
   rPois:     It protects you from poison.
   Will:      It greatly increases your willpower.
Missiles
 a - 11 poisoned darts (quivered)
 t - 6 atropa-tipped darts
 I - 4 javelins
Armour
 l - a +0 kite shield (worn)
   (You took it off a hobgoblin on level 2 of the Dungeon)
 r - a +0 chain mail
   (You found it in a sewer)
 u - a scarf of invisibility (worn)
   (You found it on level 4 of the Dungeon)
 B - a +0 pair of gloves (worn)
   (You found it on level 5 of the Dungeon)
 H - a +2 leather armour of poison resistance (worn)
   (You took it off an orc on level 7 of the Dungeon)
Wands
 n - a wand of mindburst (8)
   (You found it on level 6 of the Dungeon)
 w - a wand of flame (38)
   (You took it off Ijyb on level 4 of the Dungeon)
 A - a wand of paralysis (12)
   (You found it on level 5 of the Dungeon)
 E - a wand of polymorph (12)
   (You found it on level 6 of the Dungeon)
Scrolls
 c - a scroll of enchant armour
 e - 4 scrolls of immolation {!r}
 g - 5 scrolls of teleportation {@r4}
 p - a scroll of silence {unknown}
 q - a scroll of brand weapon {unknown}
 y - a scroll of vulnerability {unknown}
 z - a scroll of identify {@r1}
 C - 3 scrolls of poison {unknown}
Potions
 b - a potion of resistance {unknown}
 d - 4 potions of mutation {!q}
 f - 3 potions of curing {@q1}
 h - a potion of brilliance
 i - 3 potions of heal wounds {unknown}
 j - 3 potions of haste {unknown}
 k - a potion of berserk rage
 m - a potion of lignification {unknown}
 o - a potion of flight {unknown}
 v - 2 potions of attraction {unknown}
 x - a potion of might {unknown}
 F - a potion of magic {unknown}
 J - a potion of ambrosia {unknown}


   Skills:
 + Level 6.8 Fighting
 - Level 10.0 Short Blades
 - Level 1.5 Dodging
 - Level 6.0 Stealth
 - Level 2.1 Spellcasting
 - Level 3.0 Conjurations
 + Level 4.7 Invocations


You had 12 spell levels left.
You knew the following spells:

 Your Spells              Type           Power      Damage    Failure   Level
a - Kiss of Death         Conj/Necr      20%        2d7       43%         1

Your spell library contained the following spells:

 Spells                   Type           Power      Damage    Failure   Level
 Momentum Strike          Conj/Tloc      10%        3d8       58%         2
 Dazzling Flash           Conj/Hex       10%        N/A       82%         3
 Hailstorm                Conj/Ice       5%         3d4       82%         3
 Volatile Blastmotes      Fire/Tloc      2%         2d10      95%         3
 Iskenderun's Mystic Bla  Conj/Tloc      5%         2d3       99%         4
 Starburst                Conj/Fire      2%         6d3       100%        6


Dungeon Overview and Level Annotations

Branches:
Dungeon (8/15) Zot: 26723  Temple (1/1) D:7 Zot: 5960   Sewer (visited)
   Lair: D:8-11

Altars:
Ashenzari
Cheibriados
Dithmenos
Fedhas
Gozag
Hepliaklqana
Kikubaaqudgha
Makhleb
Nemelex Xobeh
Okawaru
Qazlal
Ru
Sif Muna
Trog
Uskayaw
Vehumet
Wu Jian
Xom
Yredelemnul
The Shining One

Shops:
D:1 (!?

Annotations:
D:5 1 runed translucent door, Crazy Yiuf
D:6 2 transporters, LittleThickWarRabbit's ghost, novice MiBe
Temple 2 transporters


Innate Abilities, Weirdness & Mutations

You have razor-sharp teeth.
Your natural rate of healing is unusually fast.
When hurt, damage is shared between your health and your magic reserves.
Your bite disrupts and absorbs the magic of your enemies.
Potions cannot restore your health.


Message History

The wight zaps a wand.
The puff of flame misses you.
A wight comes into view. It is wielding a +1 dagger of freezing.
You block the wight's attack. The wight attacks as you move away!
The wight hits you with a +2 battleaxe.
You hit the wight but do no damage. You bite the wight. You drain its power.
You feel invigorated.
The wight is lightly damaged.
You puncture the wight!
The wight is almost destroyed.
The wight hits you with a +2 battleaxe!
You feel drained.
You can now pass through a line of other dancers.
You hit the wight.
You destroy the wight!
You hit the wight. You bite the wight, but do no damage.
The wight is lightly damaged.
The wight hits you with a +0 quarterstaff!
You puncture the wight!
The wight is severely damaged.
Uskayaw will force your foes to helplessly watch your dance.
Uskayaw prepares the audience for your solo!
The helpless wight fails to defend itself.
You spit the wight like a pig!!!
You destroy the wight!
A wight comes into view. It is wielding a +0 great sword.
Items here: )) / = [[.
You block the wight's attack. The wight completely misses you.
You hit the wight. You bite the wight, but do no damage.
The wight is lightly damaged.
The wight hits you with a +5 mace!
You feel drained. You block the wight's attack.
You hit the wight. Your bite misses the wight.
The wight is moderately damaged.
You block the wight's attack. The wight hits you with a +5 mace.
* * * LOW HITPOINT WARNING * * *
You feel drained.
* * * LOW HITPOINT WARNING * * *
Uskayaw will force your foes to share their pain.
Uskayaw links your audience in an emotional bond!
The wight attacks as you move away! You block the wight's attack.
The wight attacks as you move away! The wight hits you with a +5 mace!
* * * LOW HITPOINT WARNING * * *
You feel drained.
* * * LOW HITPOINT WARNING * * *
Items here: )) / = [[.
You hit the wight but do no damage.
The wight is moderately damaged.
The wight unwields a +0 great sword.
The wight wields a +0 arbalest.
The wight shoots a bolt.
The bolt hits you!
You die...

............##...................
####......................)......
)..z.....................####....
..†)#..................|.####....
...†.))#.##.†.....(.....)##.....>
..##.)...................##.##...
.##..##..#...........#####...####
.##.###......z).z....#≈≈v#...#..§
##.. .........#@##..#§♣v#...#..#
#... .#........#.###.#♣§♣#...##..
...# ............# .#w♣w#...###.
##. #.#.......#......#♣ww#...#NN#
.)#.....#......#..♣#...#S#.
##......[......#♣§.#...#NN.
#.............#♣§§#._.##.. .
........#..♣#)..##S#
..#......#≈♣♣#...#SN#


You could see 2 wights.

Vanquished Creatures
  A steam dragon (D:6)
  A water moccasin (D:7)
  An orc warrior (D:7)
  4 ice beasts
  3 sky beasts (D:8)
  3 ogres
  A kobold brigand (D:7)
  4 necrophages (D:7)
  5 bullfrogs
  2 gnoll sergeants
  11 wights
  8 killer bees
  2 howler monkeys (D:7)
  A centaur zombie (D:7)
  4 hounds
  A gnoll bouda (D:4)
  5 orc priests
  A jelly (D:6)
  Ijyb (D:4)
  3 iguanas (D:7)
  An orc wizard (D:7)
  A killer bee zombie (D:7)
  10 gnolls
  9 adders
  3 white imps
  An ufetubus (D:6)
  3 worms
  2 dart slugs
  36 orcs
  6 endoplasms
  12 giant cockroaches
  8 hobgoblins
  13 jackals
  9 quokkas
  13 ball pythons
  5 bats (D:1)
  10 frilled lizards
  9 goblins
  13 kobolds
  8 rats
234 creatures vanquished.

Notes
Turn   | Place    | Note
-------+----------+-------------------------------------------
     0 | D:1      | GeoRichter the Vine Stalker Reaver began the quest for the
                  | Orb.
     0 | D:1      | Reached XP level 1. HP: 11/11 MP: 4/4
    53 | D:1      | Reached skill level 3 in Short Blades
   101 | D:1      | Found Anoprem's Magic Scroll Shop.
   170 | D:1      | Reached XP level 2. HP: 15/15 MP: 6/6
   292 | D:1      | Found Ceng's Distillery.
   386 | D:1      | Reached skill level 1 in Stealth
   511 | D:1      | Reached XP level 3. HP: 18/18 MP: 7/7
   532 | D:1      | Found Xayr's Antique Weapon Boutique.
  1561 | D:2      | Reached skill level 4 in Short Blades
  1561 | D:2      | Gained mutation: Your natural rate of healing is unusually
                  | fast. [Vine Stalker growth]
  1561 | D:2      | Reached XP level 4. HP: 23/23 MP: 6/8
  1742 | D:2      | Found a bloodstained altar of Trog.
  2108 | D:3      | Found a faded altar of an unknown god.
  2234 | D:3      | Found a glowing drain.
  2261 | Sewer    | Entered a sewer
  2488 | Sewer    | Reached XP level 5. HP: 26/26 MP: 9/9
  2749 | Sewer    | Reached skill level 5 in Short Blades
  2920 | D:3      | Reached XP level 6. HP: 30/30 MP: 8/10
  3574 | D:1      | Bought a fading dagger for 140 gold pieces
  3574 | D:1      | Identified the +8 dagger of the Several Nightmares {venom,
                  | rPois Will+ MP-9} (You bought it in a shop on level 1 of
                  | the Dungeon)
  4136 | D:4      | Noticed Ijyb
  4148 | D:4      | Killed Ijyb
  4547 | D:4      | Reached skill level 6 in Short Blades
  4547 | D:4      | Reached XP level 7. HP: 25/34 MP: 0/11
  5012 | D:5      | Entered Level 5 of the Dungeon
  5055 | D:5      | Reached skill level 5 in Stealth
  5508 | D:5      | Identified the +9 falchion "Joruc" {flame, Fly Int+3}
  5595 | D:5      | Found a runed translucent door.
  5596 | D:5      | Noticed Crazy Yiuf
  5944 | D:6      | Noticed a steam dragon
  5955 | D:6      | Killed a steam dragon
  5956 | D:6      | Reached skill level 7 in Short Blades
  5956 | D:6      | Gained mutation: You have razor-sharp teeth. [Vine Stalker
                  | growth]
  5956 | D:6      | Reached XP level 8. HP: 23/39 MP: 1/12
  6318 | D:6      | Reached skill level 8 in Short Blades
  6342 | D:6      | HP: 1/37 [wight/+5 halberd (10)]
  6563 | D:6      | Found a transporter.
  6569 | D:6      | Found a transporter.
  6667 | D:6      | Noticed LittleThickWarRabbit's ghost (novice MiBe)
  6862 | D:6      | Found a glowing golden altar of the Shining One.
  7023 | D:7      | Reached skill level 9 in Short Blades
  7023 | D:7      | Reached XP level 9. HP: 40/45 MP: 2/13
  7164 | D:7      | Found a blossoming altar of Fedhas.
  7612 | D:7      | Identified the +1 leather armour "Fumikkov" {Rampage +Inv
                  | rPois Str-2}
  7623 | D:7      | Identified the +1 robe of Fallacy {rF+ rN+}
  7924 | D:7      | Found a staircase to the Ecumenical Temple.
  7932 | D:7      | Identified the +6 shortbow "Orolyhu" {heavy, rElec rPois
                  | Will++}
  7958 | D:7      | Reached skill level 5 in Fighting
  7969 | Temple   | Entered the Ecumenical Temple
  7969 | Temple   | Found a transporter.
  7969 | Temple   | Found a transporter.
  7971 | Temple   | Found a transporter.
  7971 | Temple   | Found a transporter.
  7990 | Temple   | Became a worshipper of Uskayaw the Reveller
  8019 | D:7      | Reached * piety under Uskayaw
  8020 | D:7      | Reached skill level 10 in Short Blades
  8055 | D:7      | Reached ** piety under Uskayaw
  8675 | D:7      | Reached skill level 1 in Invocations
  8753 | D:7      | Reached *** piety under Uskayaw
  8756 | D:7      | Reached **** piety under Uskayaw
  8759 | D:7      | Reached ***** piety under Uskayaw
  8802 | D:8      | Found a broken altar of Ashenzari.
  8806 | D:8      | Saw a vision of the Swamp and the Snake Pit.
  8806 | D:8      | Noticed a tyrant leech
  8806 | D:8      | Noticed a bloated husk
  8806 | D:8      | Noticed an anaconda
  8806 | D:8      | Noticed a tyrant leech
  8806 | D:8      | Noticed a naga sharpshooter
  8809 | D:8      | Noticed a will-o-the-wisp
  8810 | D:8      | Noticed a will-o-the-wisp
  8982 | D:8      | Reached XP level 10. HP: 51/53 MP: 5/14
  9036 | D:8      | Reached ****** piety under Uskayaw
  9087 | D:8      | Shot with a bolt by a wight

Illustrated notes

Levels and vault maps discovered:
D:1:      dpeg_arrival_ratfight, layout_basic, serial_shops, shop,
          nicolae_shop_tiny_statue_garden, shop, st_stairs_4,
          minmay_misc_feat_hallway, minmay_tiny_reverse_x
D:2:      layout_basic, basic_altar
D:3:      layout_basic, shapermc_ecumenical_altar_mp_vishouse,
          cheibrodos_sewer_entry_bend, kennysheep_generic_room_15
D:4:      layout_gridville, uniq_ijyb
D:5:      layout_cave_pods, uniq_crazy_yiuf_cottage
D:6:      layout_basic, lemuel_coloured_pillars_altar,
          gammafunk_ghost_gnarly_gnolls
D:7:      layout_layer_cave, fedhas_altar_decomposition,
          minmay_temple_entry_overgrown, grunt_ministairs_14,
          minmay_misc_feat_roman
D:8:      layout_rooms, grunt_ashenzari_visionary
          [grunt_ashenzari_visionary_swamp, grunt_ashenzari_visionary_snake],
          special_room [special_room_orc], hangedman_misty_isle
Temple:   hellmonk_temple_divided_pantheon

Skill      XL: |  1  2  3  4  5  6  7  8  9 10 |
---------------+-------------------------------+-----
Short Blades   | 3 4 5 6 7 9 10 | 10.0
Stealth        | 1 2 3 4 6 |  6.0
Fighting       | 4 6 |  6.8
Invocations    | 3 4 |  4.7
Dodging        | |  1.5
Spellcasting   | |  2.1
Conjurations   | |  3.0

Action                     |  1- 3 |  4- 6 |  7- 9 | 10-12 || total
---------------------------+-------+-------+-------+-------++-------
  Melee: Short sword       |   145 |   283 |       |       ||   428
         Bite              |    41 |    70 |    98 |    12 ||   221
         Dagger            |       |    49 |   310 |    43 ||   402
  Throw: Dart              |       |     5 |     9 |     1 ||    15
    Use: Scroll            |     4 |     3 |     3 |       ||    10
   Stab: Sleeping          |     2 |       |     1 |       ||     3
         Paralysed         |       |       |     4 |     3 ||     7
 Armour: Leather armour    |    29 |    35 |     5 |     7 ||    76
         Chain mail        |       |    44 |    57 |       ||   101
  Dodge: Dodged            |    70 |    97 |    57 |    17 ||   241
  Block: Kite shield       |     3 |    75 |    74 |     8 ||   160
